 Dungeon Crawl Stone Soup version 0.30-a0-305-g026cb31310 (webtiles) character file.

Game seed: 17711446853499784958

1239 Jhsd the Covert (level 8, -4/36 HPs)
             Began as a Spriggan Enchanter on Oct 22, 2022.
             Slain by an iguana (11 damage)
             ... on level 4 of the Dungeon.
             The game lasted 00:11:17 (3592 turns).

Jhsd the Covert (Spriggan Enchanter)                Turns: 3592, Time: 00:11:18

Health: -4/36      AC:  4    Str:  6    XL:     8   Next: 25%
Magic:  9/19       EV:  9    Int: 13    God:
Gold:   118        SH:  0    Dex: 15    Spells: 9/20 levels left

rFire   + + .      SeeInvis +    m - +6 dagger "Jiniexiy" {drain, rF++ Int-4}
rCold   . . .      Faith    .    (no shield)
rNeg    . . .      Spirit   .    b - +0 robe
rPois   .          Reflect  .    e - +2 hat
rElec   .          Harm     .    (no cloak)
rCorr   .          Rampage  .    (gloves unavailable)
Will    +....                    (boots unavailable)
Stlth   ++++......               h - amulet of the acrobat
HPRegen 0.26/turn                (no ring)
MPRegen 0.16/turn                (no ring)

@: held, very quick
A: very small, no large weapons, unfitting armour, see invisible, speed 3
a: no special abilities


You were on level 4 of the Dungeon.
You visited 1 branch of the dungeon, and saw 4 of its levels.

You collected 265 gold pieces.
You spent 147 gold pieces at shops.

Inventory:

Hand Weapons
 a - a +2 dagger
 m - the +6 dagger "Jiniexiy" (weapon) {drain, rF++ Int-4}
   (You bought it in a shop on level 3 of the Dungeon)

   A truly terrible weapon, it drains the life of any living foe it strikes.
   Int:       It affects your intelligence (-4).
   rF:        It greatly protects you from fire.
Armour
 b - a +0 robe (worn)
 e - a +2 hat (worn)
Jewellery
 h - an amulet of the acrobat (around neck)
Wands
 l - a wand of flame (9)
 n - a wand of iceblast (4)
Scrolls
 f - a scroll of vulnerability
 j - 2 scrolls of teleportation
 p - a scroll of immolation
Potions
 d - a potion of might {unknown}
 g - a potion of heal wounds {unknown}
 i - a potion of lignification {unknown}
 k - 2 potions of curing
 o - a potion of flight {unknown}


   Skills:
 - Level 3.0 Short Blades
 - Level 4.3 Dodging
 + Level 9.3 Stealth
 + Level 6.8 Spellcasting
 + Level 7.3 Hexes


You had 9 spell levels left.
You knew the following spells:

 Your Spells              Type           Power      Damage    Failure   Level
a - Ensorcelled Hibernat  Hex/Ice        28%        N/A       5%          2
b - Tukima's Dance        Hex            23%        N/A       2%          3
c - Dazzling Flash        Conj/Hex       28%        N/A       11%         3
d - Confusing Touch       Hex            23%        N/A       2%          3

Your spell library contained the following spells:

 Spells                   Type           Power      Damage    Failure   Level
 Sandblast                Erth           8%         2d5       16%         1
 Passwall                 Tmut/Erth      3%         N/A       24%         2
 Sublimation of Blood     Necr           4%         N/A       24%         2
 Stone Arrow              Conj/Erth      8%         3d7       43%         3
 Petrify                  Tmut/Erth      4%         N/A       83%         4
 Irradiate                Conj/Tmut      2%         3d12      99%         5


Dungeon Overview and Level Annotations

Branches:
Dungeon (4/15)
 Temple: D:4-7

Altars:
Sif Muna

Shops:
D:3 (


Innate Abilities, Weirdness & Mutations

You are very small and have problems with some larger weapons.
You are too small for most types of armour.
You have supernaturally acute eyesight. (SInv)
You cover ground extremely quickly. (Speed+++)


Message History

Unknown command.
The gnoll completely misses you. x2
The gnoll completely misses your +0 flail.
The gnoll hits your +0 flail with a +0 club.
Your +0 flail hits the iguana.
An orc comes into view. It is wielding a +0 hand axe.
The gnoll throws a throwing net.
The throwing net hits you.
You become entangled in the net!
The gnoll hits your +0 flail with a +0 club.
You see here a throwing net.
Casting: Tukima's Dance (dangerous; 2% risk of failure)
Confirm with . or Enter, or press ? or * to list all spells.
Aiming: Tukima's Dance (dangerous; 2% risk of failure)
Press: ? - help, Shift-Dir - straight line, f/p - gnoll
Aim: a gnoll, wielding a +0 halberd (chance to affect: 64%)
The +0 halberd dances into the air!
The gnoll hits your +0 halberd but does no damage. x2
Unknown command.
Casting: Tukima's Dance (dangerous; 2% risk of failure)
Confirm with . or Enter, or press ? or * to list all spells.
Aiming: Ensorcelled Hibernation (safe; 5% risk of failure)
Press: ? - help, Shift-Dir - straight line, f - iguana, p - gnoll
Aim: an iguana (lightly wounded, chance to affect: 56%)
The iguana resists with significant effort.
The iguana bites you!
The gnoll hits your +0 halberd. x2
Your +0 halberd falls from the air.
Unknown command.
You feel better.
Your +0 flail hits the gnoll.
The gnoll hits your +0 flail with a +0 club.
Your +0 flail falls from the air.
The iguana hisses menacingly.
The iguana bites you but does no damage.
You struggle against the net.
The iguana bites you! The gnoll hits you but does no damage.
You struggle against the net.
The iguana barely misses you. The gnoll hits you.
* * * LOW HITPOINT WARNING * * *
The orc hits you with a +0 hand axe.
* * * LOW HITPOINT WARNING * * *
You struggle against the net.
The iguana bites you!
You die...

##. #..######. #. ##
#..# ..# ##### ###..##
### ....# .!##... ...##
#....### # #..###...##
. # #.)#...# ##. ## #.
#.glg..# ###..##.
#..#..g@..#
#####.......
#....go..###....#####..
#...###......# #..
##.## #......# ##. #.
##.....# ## #. #.##..##
#### #.
..####..######... #.
.... #...........
..#### ##..†......#


You could see an iguana, 4 gnolls and an orc.

Vanquished Creatures
  The ghost of MrRokkomies the Sneak, an amateur AtDe of Hepliaklqana (D:3)
  Grinder (D:3)
  Sigmund (D:3)
  A water moccasin (D:4)
  The ghost of Baz the Cutter, an amateur AtCK of Xom (D:3)
  The ghost of twist the Insei, an amateur OpTm (D:3)
  2 phantoms (D:4)
  The ghost of jehirs the Changer, a weakling OpTm (D:3)
  An orc priest (D:3)
  7 adders
  A gnoll (D:2)
  2 worms (D:2)
  3 dart slugs
  6 orcs
  6 bats
  8 endoplasms
  3 giant cockroaches (D:1)
  5 goblins
  9 hobgoblins
  5 jackals
  3 quokkas
  3 ball pythons
  3 frilled lizards (D:1)
  10 kobolds
84 creatures vanquished.

Vanquished Creatures (collateral kills)
  Terence (D:3)
  An orc (D:3)
  A rat (D:3)
3 creatures vanquished.

Vanquished Creatures (others)
  3 dancing weapons
3 creatures vanquished.

Grand Total: 90 creatures vanquished

Notes
Turn   | Place    | Note
-------+----------+-------------------------------------------
     0 | D:1      | Jhsd the Spriggan Enchanter began the quest for the Orb.
     0 | D:1      | Reached XP level 1. HP: 9/9 MP: 5/5
   525 | D:1      | Reached XP level 2. HP: 10/13 MP: 6/6
   528 | D:1      | Learned a level 2 spell: Ensorcelled Hibernation
   884 | D:2      | Reached XP level 3. HP: 16/16 MP: 5/8
   896 | D:2      | Reached skill level 5 in Stealth
  1085 | D:2      | Reached XP level 4. HP: 21/21 MP: 10/10
  1179 | D:2      | Learned a level 3 spell: Tukima's Dance
  1210 | D:2      | Learned a level 3 spell: Confusing Touch
  1584 | D:3      | Noticed Sigmund
  1593 | D:3      | Killed Sigmund
  1594 | D:3      | Reached skill level 6 in Stealth
  1594 | D:3      | Reached XP level 5. HP: 21/24 MP: 2/12
  1594 | D:3      | Reached XP level 6. HP: 24/28 MP: 2/13
  1749 | D:3      | Noticed Grinder
  1841 | D:3      | Reached skill level 5 in Hexes
  1998 | D:3      | Killed Grinder
  1999 | D:3      | Reached skill level 7 in Stealth
  1999 | D:3      | Reached skill level 5 in Spellcasting
  1999 | D:3      | Reached XP level 7. HP: 28/32 MP: 11/15
  2078 | D:3      | Learned a level 3 spell: Dazzling Flash
  2133 | D:3      | Found Vizi Ziu's Antique Weapon Emporium.
  2142 | D:3      | Bought a twisted dagger for 147 gold pieces
  2142 | D:3      | Identified the +6 dagger "Jiniexiy" {drain, rF++ Int-4}
                  | (You bought it in a shop on level 3 of the Dungeon)
  2184 | D:3      | Noticed Terence
  2193 | D:3      | Killed Terence
  2324 | D:3      | Found a runed translucent gate.
  2325 | D:3      | Found a runed translucent gate.
  2327 | D:3      | Found a runed translucent gate.
  2328 | D:3      | Noticed Baz's ghost (amateur AtCK)
  2329 | D:3      | Noticed MrRokkomies's ghost (amateur AtDe)
  2329 | D:3      | Noticed twist's ghost (amateur OpTm)
  2329 | D:3      | Noticed jehirs's ghost (weakling OpTm)
  2690 | D:3      | Found a shimmering blue altar of Sif Muna.
  2780 | D:3      | Killed jehirs's ghost
  2788 | D:3      | Killed MrRokkomies's ghost
  2789 | D:3      | Reached skill level 8 in Stealth
  2790 | D:3      | Killed twist's ghost
  2794 | D:3      | Killed Baz's ghost
  3099 | D:4      | Identified the +1 leather armour "Jejoh" {+Blink rN+ MP-9
                  | Str+8}
  3256 | D:4      | Reached XP level 8. HP: 31/36 MP: 15/18
  3329 | D:4      | Reached skill level 9 in Stealth
  3363 | D:4      | Identified the +0 scale mail "Zungunuf" {rElec Regen+ SInv}
  3592 | D:4      | Slain by an iguana

Illustrated notes

Levels and vault maps discovered:
D:1:      minmay_arrival_widening_spiral_narrow, layout_basic, serial_forest,
          infiniplex_forest_straight_3, infiniplex_forest_lined_room_,
          infiniplex_forest_end_2, infiniplex_forest_corner_2,
          infiniplex_forest_diagonal, infiniplex_forest_clump_curved
D:2:      layout_rooms, minmay_octomino_e4
D:3:      layout_loops_ring, nicolae_sif_muna_little_library,
          gammafunk_ghost_cemetery, serial_shops, nicolae_shop_crystal,
          uniq_sigmund, uniq_terence, uniq_grinder
D:4:      layout_layer_cave

Skill      XL: |  1  2  3  4  5  6  7  8 |
---------------+-------------------------+-----
Dodging        | 3 4 |  4.3
Spellcasting   | 3 4 5 6 |  6.8
Hexes          | 4 5 6 7 |  7.3
Stealth        | 5 6 7 8 9 |  9.3
Short Blades   | 2 3 |  3.0

Action                   |  1- 3 |  4- 6 |  7- 9 || total
-------------------------+-------+-------+-------++-------
Melee: Dagger            |    98 |    87 |    73 ||   258
 Cast: Ensorcelled Hiber |     2 |    10 |     1 ||    13
       Tukima's Dance    |       |     6 |     4 ||    10
       Confusing Touch   |       |     2 |     3 ||     5
Evoke: Wand              |       |       |     3 ||     3
  Use: Scroll            |     5 |     4 |     2 ||    11
       Potion            |     1 |       |     2 ||     3
 Stab: Sleeping          |     9 |     7 |     5 ||    21
       Invisible         |     1 |       |     5 ||     6
       Confused          |       |     3 |     2 ||     5
       Distracted        |       |       |     1 ||     1
Armor: Robe              |    19 |    11 |     8 ||    38
Dodge: Dodged            |    80 |    55 |    40 ||   175

Table legend: (Time is in decaauts)
 A = Elapsed time spent in this place.
 B = Non-inter-level travel time spent in this place.
 C = Inter-level travel time spent in this place.
 D = Time resting spent in this place.
 E = Time spent auto-exploring this place.
 F = Levels seen in this place.
 G = Mean time per level.
                   A        B        C        D        E       F      G
               +--------+--------+--------+--------+--------+-----+--------+
         Total |   2577 |   2507 |     70 |    152 |   1686 |   4 |  644.2 |
       Dungeon |   2577 |   2507 |     70 |    152 |   1686 |   4 |  644.2 |
               +--------+--------+--------+--------+--------+-----+--------+

Top non-repeatable levels by time:
     D:3: 1116 daAuts
     D:1: 590 daAuts
     D:2: 504 daAuts
     D:4: 366 daAuts
